Map: Dusk Towers

Players

Law

  • Race: Protoss Protoss
  • League: Master

Miszu - Winner!

  • Race: Protoss Protoss
  • League: Master

VOD

Have the link to the VOD?

Description

Time

  • Played on: June 27, 2016, 2:31 p.m.
  • Length: 11:32
Show
View Real Time Build Order
Export as new Build Order

Law Protoss 

Build Orders:  

Get SALT Encoding   

  12  0:01  Probe (Chrono Boost)  
  13  0:12  Probe (Chrono Boost)  
  14  0:18  Pylon  
  14  0:22  Probe (Chrono Boost)  
  15  0:36  Probe (Chrono Boost)  
  15  0:38  Forge  
  16  0:46  Probe (Chrono Boost)  
  17  0:53  Gateway  
  17  1:07  Probe (Chrono Boost)  
  18  1:12  Pylon  
  18  1:23  Probe (Chrono Boost)  
  19  1:27  Assimilator  
  19  1:31  Photon Cannon  
  19  1:36  Probe (Chrono Boost)  
  20  1:46  Cybernetics Core, Probe (Chrono Boost)  
  21  1:54  Photon Cannon  
  21  1:55  Pylon  
  21  2:06  Assimilator  
  21  2:15  Photon Cannon  
  21  2:20  Photon Cannon  
  21  2:30  Photon Cannon  
  21  2:35  Pylon  
  21  2:40  Probe (Chrono Boost)  
  22  2:47  Photon Cannon  
  22  2:49  Warp Gate (Chrono Boost)  
  22  2:56  Pylon, Photon Cannon  
  22  3:00  Probe  
  22  3:03  Stalker  
  25  3:14  Photon Cannon  
  25  3:26  Photon Cannon  
  25  3:33  Photon Cannon  
  25  3:39  Mothership Core  
  27  3:44  Pylon  
  26  3:51  Photon Cannon  
  26  3:56  Robotics Facility  
  26  4:02  Pylon  
  26  4:08  Sentry  
  28  4:14  Gateway  
  28  4:17  Probe  
  29  4:31  Gateway  
  29  4:41  Probe  
  30  4:48  Sentry  
  30  4:50  Immortal (Chrono Boost)  
  36  5:01  Pylon  
  36  5:04  Probe  
  37  5:13  Sentry  
  39  5:29  Nexus  
  39  5:32  Observer (Chrono Boost)  
  39  5:34  Probe  
  41  5:37  Sentry  
  41  5:40  Sentry  
  45  5:46  Probe  
  46  5:52  Pylon  
  46  6:01  Stargate  
  46  6:06  Pylon  
  46  6:07  Probe  
  46  6:11  Observer (Chrono Boost)  
  48  6:18  Zealot  
  50  6:21  Probe  
  50  6:24  Zealot  
  53  6:34  Probe  
  54  6:52  Pylon  
  54  6:54  Probe  
  54  6:56  Stalker x2  
  58  7:14  Immortal (Chrono Boost)  
  58  7:25  Mothership Core  
  58  7:28  Zealot x2, Stalker, Probe  
  65  7:38  Probe  
  66  7:52  Immortal (Chrono Boost)  
  66  8:00  Stalker x3  
  66  8:03  Pylon  
  72  8:06  Probe  
  72  8:07  Probe  
  72  8:12  Assimilator  
  74  8:19  Probe  
  79  8:28  Immortal (Chrono Boost), Probe  
  79  8:29  Stalker  
  83  8:48  Stalker  
  83  8:52  Stalker  
  86  8:57  Pylon  
  86  9:10  Nexus  
  86  9:13  Pylon  
  86  9:14  Probe  
  86  9:15  Probe  
  88  9:20  Pylon  
  88  9:27  Probe  
  89  9:41  Immortal (Chrono Boost), Phoenix (Chrono Boost)  
  89  9:44  Probe  
  95  9:45  Probe  
  95  9:48  Pylon  
  97  9:54  Assimilator  
  97  9:58  Pylon  
  97  9:59  Photon Cannon  
  97  10:06  Phoenix (Chrono Boost)  
  99  10:14  Sentry, Photon Cannon  
  99  10:15  Sentry  
  99  10:17  Probe  
  104  10:31  Immortal  
  104  10:35  Phoenix (Chrono Boost)  
  110  10:38  Probe  
  110  10:40  Probe  
  112  10:48  Probe  
  112  10:49  Pylon  
  113  10:54  Pylon  
  72  11:21  Stalker x3  
Show
View Real Time Build Order
Export as new Build Order

Miszu Protoss - Winner!

Build Orders:  

Get SALT Encoding   

  12  0:01  Probe (Chrono Boost)  
  13  0:11  Probe (Chrono Boost)  
  14  0:17  Pylon  
  14  0:22  Probe (Chrono Boost)  
  15  0:35  Probe (Chrono Boost)  
  16  0:36  Gateway  
  16  0:46  Assimilator, Probe (Chrono Boost)  
  17  0:56  Probe (Chrono Boost)  
  18  1:03  Gateway  
  18  1:07  Probe (Chrono Boost)  
  19  1:13  Assimilator  
  19  1:17  Probe (Chrono Boost)  
  20  1:26  Cybernetics Core  
  20  1:28  Probe (Chrono Boost)  
  21  1:38  Probe (Chrono Boost)  
  22  1:42  Pylon  
  22  1:49  Probe (Chrono Boost)  
  23  2:02  Stalker x2  
  23  2:07  Mothership Core (Chrono Boost)  
  29  2:11  Warp Gate  
  29  2:20  Pylon  
  29  2:32  Stalker (Chrono Boost)  
  31  2:39  Stalker (Chrono Boost)  
  31  2:40  Pylon  
  33  3:02  Stalker (Chrono Boost)  
  35  3:11  Mothership Core  
  35  3:12  Stalker (Chrono Boost)  
  35  3:28  Stalker (Chrono Boost)  
  37  3:38  Pylon  
  39  3:42  Stalker (Chrono Boost)  
  39  4:11  Probe  
  39  4:15  Robotics Facility  
  40  4:19  Twilight Council  
  40  4:23  Probe  
  41  4:28  Gateway  
  41  4:31  Stalker x2  
  45  4:35  Probe  
  44  4:56  Blink (Chrono Boost)  
  44  5:03  Observer  
  45  5:10  Nexus  
  45  5:19  Probe  
  46  5:23  Sentry  
  48  5:31  Probe  
  49  5:38  Stalker  
  51  5:43  Pylon  
  51  5:44  Probe  
  52  5:50  Stalker  
  52  5:56  Probe  
  55  6:02  Stalker  
  57  6:08  Probe  
  58  6:15  Stalker  
  60  6:19  Stalker  
  60  6:20  Probe  
  60  6:21  Probe  
  64  6:26  Stalker  
  64  6:32  Probe  
  67  6:33  Probe  
  67  6:35  Observer  
  67  6:39  Assimilator  
  69  6:41  Assimilator  
  69  6:44  Probe x2  
  69  6:47  Stalker  
  73  6:55  Probe  
  73  6:56  Probe  
  75  7:05  Probe  
  75  7:08  Stalker  
  78  7:19  Probe  
  77  7:23  Probe  
  78  7:42  Forge, Pylon  
  78  7:51  Nexus  
  78  7:56  Immortal (Chrono Boost)  
  78  7:57  Probe  
  78  7:58  Probe  
  78  8:03  Charge (Chrono Boost)  
  82  8:08  Sentry, Zealot  
  86  8:26  Protoss Ground Weapons Level 1 (Chrono Boost)  
  86  8:29  Pylon  
  86  8:31  Gateway  
  86  8:33  Gateway x2  
  86  8:42  Immortal  
  86  8:47  Probe  
  91  8:51  Zealot x2  
  91  8:53  Pylon  
  94  8:56  Pylon  
  94  9:03  Pylon  
  94  9:04  Pylon  
  94  9:08  Pylon  
  94  9:10  Zealot  
  94  9:16  Immortal  
  96  9:20  Zealot  
  96  9:21  Pylon, Zealot  
  104  9:25  Probe  
  104  9:26  Probe x2  
  107  9:34  Templar Archives  
  107  9:38  Probe x2  
  107  9:40  Zealot x2  
  113  9:48  Zealot  
  113  9:49  Zealot  
  117  9:52  Pylon  
  117  10:00  Zealot x2  
  121  10:11  Warp Prism  
  121  10:12  High Templar x2  
  121  10:13  High Templar x2  
  129  10:17  Archon x2  
  129  10:20  Probe x3  
  134  10:23  Zealot  
  136  10:37  Assimilator  
  136  10:38  Assimilator  
  136  10:43  Immortal  
  140  11:01  Pylon  
Tags
 
Matchup
PvP
Player
Miszu
Add a new tag
Caveats
  • Supply blocks, unpowered buildings, or Contaminate may cause inaccurate times.
  • Supply counts are checked every 10 seconds.